 Seeded DCSS version 0.27.1-1-g398f81649c (webtiles) character file.

Game seed: 16833236049872184031 (custom seed)

199 aster the Slasher (level 5, -3/32 HPs)
             Began as a Tengu Gladiator on Sept 10, 2021.
             Slain by a phantom (7 damage)
             ... on level 4 of the Dungeon.
             The game lasted 00:06:45 (3122 turns).

aster the Slasher (Tengu Gladiator)                 Turns: 3122, Time: 00:06:46

Health: -3/32      AC:  3    Str: 14    XL:     5   Next: 77%
Magic:  6/6        EV: 15    Int:  8    God:
Gold:   142        SH:  0    Dex: 17    Spells: 4/4 levels left

rFire    + . .     SeeInvis +   k - +5 scimitar "Curat" {freeze, rF+ rN+}
rCold    . . .     Faith    .   (no shield)
rNeg     + . .     Spirit   .   b - +0 leather armour
rPois    .         Reflect  .   c - +0 hat
rElec    .         Harm     .   (no cloak)
rCorr    .         Rampage  .   (no gloves)
Will     .....                  (boots unavailable)
Stlth    +.........             (no amulet)
HPRegen  0.10/turn              h - ring of see invisible
MPRegen  0.10/turn              (no ring)

@: flying quickly and evasively, quick
A: beak, talons 3, nimble flight
a: no special abilities


You were on level 4 of the Dungeon.
You visited 1 branch of the dungeon, and saw 5 of its levels.

You collected 142 gold pieces.

Inventory:

Hand Weapons
 a - a +1 long sword of freezing
 k - the +5 scimitar "Curat" (weapon) {freeze, rF+ rN+}
   (You acquired it on level 1 of the Dungeon)

   It freezes those it strikes, dealing additional cold damage.
   It can also slow down cold-blooded creatures.
   rF:        It protects you from fire.
   rN:        It protects you from negative energy.
Missiles
 d - 3 throwing nets (quivered)
Armour
 b - a +0 leather armour (worn)
 c - a +0 hat (worn)
Jewellery
 h - a ring of see invisible (left hand)
Scrolls
 f - 2 scrolls of acquirement
 l - a scroll of brand weapon
 m - a scroll of fear {unknown}
Potions
 e - a potion of lignification
 g - 3 potions of heal wounds
 i - a potion of haste
 j - a potion of might


   Skills:
 + Level 3.4 Fighting
 * Level 5.5 Long Blades
 - Level 3.0 Throwing
 - Level 3.2 Dodging


You had 4 spell levels left.
You didn't know any spells.
Your spell library contained the following spells:

 Spells                   Type           Power      Damage    Failure   Level
 Corona                   Hex            0%         N/A       50%         1
 Shock                    Conj/Air       0%         1d3       50%         1
 Ensorcelled Hibernation  Hex/Ice        0%         N/A       63%         2
 Portal Projectile        Hex/Tloc       0%         N/A       86%         3
 Swiftness                Air            0%         N/A       86%         3
 Tukima's Dance           Hex            0%         N/A       86%         3
 Airstrike                Air            0%         N/A       99%         4
 Blade Hands              Tmut           0%         N/A       100%        5
 Excruciating Wounds      Necr           0%         N/A       100%        5


Dungeon Overview and Level Annotations

Branches:
Dungeon (5/15)
 Temple: D:4-7

Altars:
Yredelemnul


Innate Abilities, Weirdness & Mutations

You have a beak for a mouth.
You have claws for feet.
Your magical nature lets you fly swiftly and evasively.


Message History

You hit the phantom. Your kick misses the phantom.
The phantom is lightly damaged.
The phantom hits you but does no damage.
You barely miss the phantom. You claw the phantom.
Your peck misses the phantom.
The phantom is lightly damaged.
The phantom hits you!
The phantom blinks!
You blink.
The phantom hits you but does no damage.
You hit the phantom. Your kick misses the phantom. You peck the phantom.
The phantom is lightly damaged.
The phantom misses you.
You completely miss the phantom. You claw the phantom!
The phantom is moderately damaged.
The phantom barely misses you.
You closely miss the phantom. You claw the phantom, but do no damage.
The phantom is moderately damaged.
The phantom hits you but does no damage.
You slash the phantom! Your kick misses the phantom.
The phantom is severely damaged.
The phantom hits you!
You barely miss the phantom. You claw the phantom, but do no damage.
Your peck misses the phantom.
The phantom is severely damaged.
The phantom completely misses you.
You barely miss the phantom.
The phantom is severely damaged.
The phantom hits you.
The phantom blinks!
You blink.
You hit the phantom. You peck the phantom.
The phantom is almost destroyed.
The phantom hits you.
* * * LOW HITPOINT WARNING * * *
The phantom hits you.
* * * LOW HITPOINT WARNING * * *
You hit the phantom but do no damage. Your kick misses the phantom.
The phantom is almost destroyed.
The phantom barely misses you.
You closely miss the phantom. You claw the phantom.
The phantom is almost destroyed.
The phantom hits you!
You die...

.............
..#.#.################
###.#....^.#.........#
..#<..##.#.###.#####
####...##.#.# #.#
.....##.#.# #.#
............# #.#
.........#.### #.#
......##.#.# #@#
#####. #.#.# #W# #.#
#.# #.# #.# #.# #.#
#.# #.# #.# #.#


You could see a phantom.

Vanquished Creatures
  An orc priest (D:4)
  Jessica (D:3)
  A hound skeleton (D:4)
  5 adders
  2 adder skeletons (D:4)
  2 worms
  3 dart slugs (D:2)
  4 orcs (D:4)
  7 ball pythons
  3 bats
  5 endoplasms
  2 giant cockroaches
  6 goblins
  6 hobgoblins
  6 kobolds
  2 quokkas
  7 frilled lizards
  7 rats
70 creatures vanquished.

Vanquished Creatures (others)
  A rat (D:2)
1 creature vanquished.

Grand Total: 71 creatures vanquished

Notes
Turn   | Place    | Note
-------+----------+-------------------------------------------
     0 | D:1      | aster the Tengu Gladiator began the quest for the Orb.
     0 | D:1      | Reached XP level 1. HP: 12/12 MP: 2/2
   183 | D:1      | Reached XP level 2. HP: 10/17 MP: 3/3
   358 | D:1      | Found a faded altar of an unknown god.
  1003 | D:1      | Reached skill level 4 in Long Blades
  1003 | D:1      | Reached XP level 3. HP: 22/22 MP: 4/4
  1340 | D:1      | Identified 3 scrolls of acquirement
  1340 | D:1      | Acquired the +5 scimitar "Curat" {freeze, rF+ rN+}
  1421 | D:2      | Found a basalt altar of Yredelemnul.
  1513 | D:2      | Reached XP level 4. HP: 23/27 MP: 5/5
  2145 | D:3      | You fall into a shaft and drop 2 floors!
  2145 | D:5      | Entered Level 5 of the Dungeon
  2303 | D:4      | Gained mutation: Your magical nature lets you fly swiftly
                  | and evasively. [Tengu growth]
  2303 | D:4      | Reached XP level 5. HP: 32/32 MP: 6/6
  2362 | D:4      | Reached skill level 5 in Long Blades
  2533 | D:3      | Noticed Jessica
  2537 | D:3      | Killed Jessica
  3106 | D:4      | Noticed a phantom
  3122 | D:4      | Slain by a phantom

Illustrated notes

Levels and vault maps discovered:
D:1:      dpeg_arrival_round_b, layout_basic, shapermc_ecumenical_altar_ellora
D:2:      layout_basic, basic_altar, minmay_small_reverse_x
D:3:      layout_rooms, kennysheep_jessica_study
D:4:      layout_basic, mainiacjoe_overflow_alcove_2,
          mainiacjoe_overflow_24_doors, lightli_corner_chamber
D:5:      layout_loops_ring, grunt_temple_overflow_forces_of_nature,
          uniq_menkaure, uniq_pikel, uniq_edmund, uniq_ijyb

Skill      XL: |  1  2  3  4  5 |
---------------+----------------+-----
Long Blades    | 4 5 |  5.5
Fighting       | 3 |  3.4
Throwing       | 3 |  3.0
Dodging        | |  3.2

Action                   |  1- 3 |  4- 6 || total
-------------------------+-------+-------++-------
Melee: Long sword        |    45 |       ||    45
       Kick              |    11 |    16 ||    27
       Peck              |    11 |     7 ||    18
       Scimitar          |    10 |    62 ||    72
  Use: Scroll            |     3 |     5 ||     8
 Stab: Sleeping          |       |     1 ||     1
Armor: Leather armour    |     9 |     9 ||    18
Dodge: Dodged            |    37 |    36 ||    73
       Rpst.: Long sword |     4 |       ||     4
       Scimitar          |     4 |    11 ||    15
